[Event "Titled Tuesday Blitz June 8 2021"]
[White "Bendayan Claros, Aaron"]
[Black "Hess, Robert"]
[WhiteFideId "3803392"]
[BlackFideId "2022036"]
[WhiteElo "2166"]
[BlackElo "2557"]
[Result "0-1"]
[Round "10"]
[TimeControl "180+1"]
[Date "2021.06.08"]
[WhiteClock "0:00:03"]
[BlackClock "0:01:22"]

1. d4 g6 2. c4 Bg7 3. Nc3 c5 4. d5 Bxc3+ 5. bxc3 f5 6. Nf3 Nf6 7. Bh6 Qa5 8. Qb3 d6 9. e3 Nbd7 10. h3 Nb6 11. Be2 Bd7 12. Ng5 Ba4 13. Qb2 Kd7 14. O-O Rhb8 15. e4 Nxe4 16. Nxe4 fxe4 17. Bg4+ Kc7 18. Qe2 Bd7 19. Qxe4 Bxg4 20. hxg4 Re8 21. Bd2 Qa4 22. Rfd1 Qxc4 23. Qxc4 Nxc4 24. Be1 e6 25. dxe6 Rxe6 26. f3 Rae8 27. Bg3 Kc6 28. Rd3 d5 29. Rad1 Nb2 30. Rxd5 Nxd1 31. Rxd1 R8e7 32. a4 Rd7 33. Rb1 Rd2 34. Rb3 Ree2 35. Bf4 Rxg2+ 36. Kf1 Rdf2+ 37. Ke1 Rxf3 38. Be5 Re3+ 39. Kf1 Ra2 40. Bf6 Rf3+ 41. Kg1 Rxf6 0-1


[Site "https://www.chess.com"]

[Event "Titled Tuesday Blitz June 8 2021"]
[White "Bortnyk, Olexandr"]
[Black "Ibarra Jerez, Jose Carlos"]
[WhiteFideId "14120828"]
[BlackFideId "2226332"]
[WhiteElo "2723"]
[BlackElo "2602"]
[Result "1-0"]
[Round "10"]
[TimeControl "180+1"]
[Date "2021.06.08"]
[WhiteClock "0:01:32"]
[BlackClock "0:00:01"]

1. e4 c5 2. Nf3 e6 3. c3 Nf6 4. e5 Nd5 5. d4 cxd4 6. cxd4 d6 7. Bd3 Nb4 8. O-O dxe5 9. Nxe5 Nxd3 10. Qxd3 Nd7 11. Qf3 Qf6 12. Qg3 Nxe5 13. dxe5 Qg6 14. Qb3 Qe4 15. Nc3 Qb4 16. Nb5 Qxb3 17. axb3 Rb8 18. Bg5 f6 19. exf6 Bd7 20. Bf4 Bxb5 21. Bxb8 Bxf1 22. Kxf1 a6 23. Be5 gxf6 24. Bxf6 Rg8 25. Rc1 Kd7 26. Rd1+ Ke8 27. Rd8+ Kf7 28. Be5 Be7 29. Rd7 Rc8 30. Bd6 Re8 31. Rxb7 1-0


[Site "https://www.chess.com"]

[Event "Titled Tuesday Blitz June 8 2021"]
[White "Cunjalo, Faris"]
[Black "Esipenko, Andrey"]
[WhiteFideId "14410710"]
[BlackFideId "24175439"]
[WhiteElo "2234"]
[BlackElo "2595"]
[Result "1-0"]
[Round "10"]
[TimeControl "180+1"]
[Date "2021.06.08"]
[WhiteClock "0:00:03"]
[BlackClock "0:00:01"]

1. c4 e5 2. g3 Nf6 3. Bg2 Bc5 4. Nc3 c6 5. e3 d5 6. cxd5 cxd5 7. d4 exd4 8. exd4 Bb6 9. Nge2 Nc6 10. Bg5 Be6 11. O-O O-O 12. Qd2 h6 13. Bxf6 Qxf6 14. Rad1 Rad8 15. a3 Bc7 16. Na4 Bg4 17. f3 Bc8 18. Rfe1 Rfe8 19. b4 a6 20. Nc5 Re7 21. Kf2 Rde8 22. Nc3 Rxe1 23. Rxe1 Rxe1 24. Kxe1 Nxd4 25. Nxd5 Qe5+ 26. Ne3 b6 27. Nd3 Qf6 28. f4 Bd8 29. Nd5 Qe6+ 30. Kf2 Nb5 31. a4 Nd6 32. Qe3 Qd7 33. Nxb6 Qc7 34. Nxc8 Qxc8 35. Nc5 a5 36. bxa5 Bxa5 37. Nd3 Qc2+ 38. Qe2 Bb6+ 39. Kf1 Qb1+ 40. Ne1 Ba5 41. Bf3 g6 42. Kf2 Nf5 43. Nd3 Bb6+ 44. Kg2 Nd4 45. Qe8+ Kg7 46. Qe5+ Kh7 47. Qf6 Kg8 48. Ne5 Qa2+ 49. Kh3 Bc7 50. Be4 Ne2 51. Bxg6 Ng1+ 52. Kg4 Qe2+ 53. Kf5 Qc2+ 54. Kg4 fxg6 55. Qe6+ Kh8 56. Qe8+ 1-0


[Site "https://www.chess.com"]

[Event "Titled Tuesday Blitz June 8 2021"]
[White "Dang, Hoang Son"]
[Black "Visakh N R"]
[WhiteFideId "12402435"]
[BlackFideId "25012223"]
[WhiteElo "2248"]
[BlackElo "2428"]
[Result "1/2-1/2"]
[Round "10"]
[TimeControl "180+1"]
[Date "2021.06.08"]
[WhiteClock "0:00:08"]
[BlackClock "0:00:06"]

1. d4 Nf6 2. c4 g6 3. Nf3 Bg7 4. g3 O-O 5. Bg2 c6 6. O-O d5 7. cxd5 cxd5 8. Bf4 Nc6 9. Ne5 Nh5 10. Nxc6 bxc6 11. Be3 c5 12. Nc3 e6 13. dxc5 Rb8 14. g4 d4 15. gxh5 dxe3 16. hxg6 hxg6 17. Qc2 exf2+ 18. Kh1 Qh4 19. Qe4 Qxe4 20. Nxe4 Rxb2 21. Rxf2 Bb7 22. Rc1 Bd4 23. e3 Rxf2 24. Nxf2 Bxe3 25. Rc3 Bxg2+ 26. Kxg2 Bxf2 27. Kxf2 Rd8 28. Ke3 Kf8 29. Ra3 Rd7 30. Ke4 Ke7 31. Rc3 f5+ 32. Ke5 Rd5+ 33. Kf4 Kf6 34. c6 g5+ 35. Ke3 Rd8 36. c7 Rc8 37. Kd4 f4 38. Ke4 Ke7 39. Ke5 Kd7 40. Kf6 Rxc7 41. Rd3+ Kc6 42. Kxg5 e5 43. Kf5 Re7 44. Ke4 Kc5 45. h4 Rh7 46. Rd5+ Kc4 47. Rxe5 Rxh4 48. Re7 a5 49. Rb7 a4 50. a3 Kc3 51. Kf3 Kc2 52. Ke4 f3+ 53. Kxf3 Rh3+ 54. Ke2 Rxa3 55. Ra7 Kb3 56. Kd1 Ra1+ 57. Kd2 a3 58. Rb7+ Ka2 59. Kc2 Rh1 60. Ra7 Rh2+ 61. Kc1 Rh4 62. Kc2 Rc4+ 63. Kd3 Rb4 64. Kc3 Rb5 65. Kc2 Rc5+ 66. Kd2 Rc4 67. Kd3 Rc6 68. Rb7 Rd6+ 69. Kc2 Rc6+ 70. Kd2 Rd6+ 71. Kc2 Rc6+ 72. Kd2 Rd6+ 73. Kc2 1/2-1/2


[Site "https://www.chess.com"]

[Event "Titled Tuesday Blitz June 8 2021"]
[White "Demchenko, Anton"]
[Black "Pap, Gyula"]
[WhiteFideId "4160258"]
[BlackFideId "725323"]
[WhiteElo "2593"]
[BlackElo "2562"]
[Result "1-0"]
[Round "10"]
[TimeControl "180+1"]
[Date "2021.06.08"]
[WhiteClock "0:00:32"]
[BlackClock "0:00:02"]

1. e4 e6 2. d4 d5 3. Nc3 Nf6 4. Bg5 dxe4 5. Nxe4 Be7 6. Nxf6+ Bxf6 7. Bxf6 Qxf6 8. Nf3 c5 9. Bb5+ Bd7 10. Qe2 cxd4 11. O-O-O Nc6 12. Nxd4 O-O 13. Nxc6 Bxc6 14. Bxc6 bxc6 15. Qe3 Rab8 16. c3 Rb5 17. Rhe1 Rd5 18. Rd2 h5 19. Red1 a5 20. f4 a4 21. a3 Rb8 22. Qe4 Rdb5 23. Qxa4 g6 24. Qe4 Rb3 25. Rc2 c5 26. g3 Qe7 27. Qc4 Qb7 28. Qe2 Qc6 29. Rcd2 Qb6 30. Rc2 Qc6 31. h3 Qb6 32. g4 hxg4 33. hxg4 Qc7 34. Qe5 Qb7 35. Rcd2 Qa8 36. f5 Rxa3 37. bxa3 Qxa3+ 38. Kc2 Qa4+ 39. Kd3 Rd8+ 40. Ke3 1-0


[Site "https://www.chess.com"]

[Event "Titled Tuesday Blitz June 8 2021"]
[White "Donchenko, Alexander"]
[Black "Sarana, Alexey"]
[WhiteFideId "24603295"]
[BlackFideId "24133795"]
[WhiteElo "2553"]
[BlackElo "2629"]
[Result "0-1"]
[Round "10"]
[TimeControl "180+1"]
[Date "2021.06.08"]
[WhiteClock "0:00:02"]
[BlackClock "0:00:02"]

1. e4 c5 2. Nf3 d6 3. Bb5+ Bd7 4. Bxd7+ Nxd7 5. O-O e6 6. c3 Ngf6 7. Qe2 Be7 8. d4 O-O 9. Nbd2 cxd4 10. cxd4 Rc8 11. Re1 Rc2 12. Qd3 Qc7 13. Nf1 Qc4 14. Qxc4 Rxc4 15. b3 Rc7 16. Ba3 Rfc8 17. e5 Ne8 18. Ne3 Nb6 19. Bb2 dxe5 20. dxe5 Rd7 21. Rac1 Nc7 22. Bd4 Rcd8 23. Bxb6 axb6 24. Nc4 Nd5 25. Nd4 Bc5 26. Nb5 Nb4 27. Rf1 Nxa2 28. Ra1 Nb4 29. g3 Rd3 30. Ra7 Rb8 31. Rb1 Rf3 32. Rb2 Nd3 33. Kg2 Nxb2 34. Kxf3 Nd3 35. Ke2 Nb4 36. Ncd6 Nc6 37. Rxb7 Rxb7 38. Nxb7 Nxe5 39. Nxc5 bxc5 40. Nd6 Kf8 41. Nb7 c4 42. bxc4 Nxc4 43. Nc5 Ke7 44. Nd3 Kd6 45. h4 Ne5 46. Nf4 g6 47. Ke3 h6 48. Ke4 Ng4 49. Kf3 Nf6 50. Nd3 Kd5 51. Nf4+ Kd4 52. Ne2+ Ke5 53. Nf4 Nd5 54. Nd3+ Kd4 55. Ne1 Nb4 56. Ke2 Ke4 57. Nf3 Nc6 58. Nd2+ Kd5 59. Ke3 Ne5 60. Ne4 Ng4+ 61. Kf3 Ne5+ 62. Ke3 Nc4+ 63. Kf3 Ke5 64. Nc5 Kd4 65. Nd7 Ne5+ 66. Nxe5 Kxe5 67. Ke3 Kd5 68. Kf4 e5+ 69. Ke3 f5 70. Kd3 e4+ 71. Ke3 Ke5 72. f3 g5 73. hxg5 hxg5 74. Ke2 Kd4 75. Kf2 e3+ 76. Ke2 f4 0-1


[Site "https://www.chess.com"]

[Event "Titled Tuesday Blitz June 8 2021"]
[White "Grandelius, Nils"]
[Black "Samsonkin, Artiom"]
[WhiteFideId "1710400"]
[BlackFideId "13503111"]
[WhiteElo "2651"]
[BlackElo "2513"]
[Result "1-0"]
[Round "10"]
[TimeControl "180+1"]
[Date "2021.06.08"]
[WhiteClock "0:01:05"]
[BlackClock "0:00:01"]

1. d4 Nf6 2. c4 e6 3. Nc3 Bb4 4. g3 O-O 5. Bg2 d5 6. Nf3 dxc4 7. O-O Nc6 8. Qa4 Nd5 9. Qc2 Bxc3 10. bxc3 b5 11. Ng5 g6 12. e4 Nde7 13. e5 Nd5 14. Ne4 Bb7 15. Bg5 Qc8 16. Nf6+ Nxf6 17. Bxf6 h6 18. h4 Nb8 19. h5 Kh7 20. Bh3 Nd7 21. Bxe6 Qe8 22. Bxd7 Qxd7 23. f3 Qh3 24. Qh2 Qxh2+ 25. Kxh2 gxh5 26. Kg2 Bd5 27. Rh1 Kg6 28. Rh4 a5 29. Rah1 b4 30. Rxh5 bxc3 31. g4 Rh8 32. Bxh8 Rxh8 33. Kg3 Kg7 34. Rc1 Rb8 35. Rxc3 Rb2 36. Ra3 Rd2 37. Rxa5 c6 38. g5 hxg5 39. Rxg5+ Kf8 40. Rg4 c3 41. Rc5 c2 42. Rh4 Ke7 43. Rh2 Rd3 44. Rf2 Rxd4 45. Rfxc2 Rd3 46. R5c3 Rxc3 47. Rxc3 Ke6 48. Kf4 1-0


[Site "https://www.chess.com"]

[Event "Titled Tuesday Blitz June 8 2021"]
[White "Ibrahimli, Murad"]
[Black "Vetokhin, Savva"]
[WhiteFideId "13410229"]
[BlackFideId "44144474"]
[WhiteElo "2109"]
[BlackElo "2185"]
[Result "0-1"]
[Round "10"]
[TimeControl "180+1"]
[Date "2021.06.08"]
[WhiteClock "0:00:06"]
[BlackClock "0:00:33"]

1. Nf3 Nf6 2. d4 g6 3. Nc3 d5 4. Bf4 Bg7 5. Nb5 Na6 6. h3 O-O 7. e3 c6 8. Na3 Qb6 9. Qc1 c5 10. c3 Bf5 11. Be2 Rac8 12. O-O Rfd8 13. Nb5 cxd4 14. exd4 Nb4 15. Ne1 Nc6 16. Nf3 a6 17. Na3 e6 18. Rd1 h5 19. Nc2 Be4 20. Ne3 Bxf3 21. Bxf3 Ne4 22. Qb1 f5 23. h4 Bf6 24. g3 e5 25. dxe5 Nxe5 26. Bxe5 Bxe5 27. Bxe4 dxe4 28. Qc2 Bd4 29. Qb3+ Qxb3 30. axb3 Bxe3 31. fxe3 Kf7 32. Kf2 Ke6 33. Ke2 Rxd1 34. Rxd1 a5 35. Rd4 b5 36. Kd2 g5 37. hxg5 Rg8 38. Ke2 Rxg5 39. Kf2 Rg4 40. c4 b4 41. c5 h4 42. gxh4 Rxh4 43. Rc4 Kd7 44. c6+ Kc7 45. Kg3 Rg4+ 46. Kh3 Rg6 47. Rc5 Rd6 48. Rxa5 Rd3 49. Kg3 Rxe3+ 50. Kf4 Rf3+ 51. Ke5 Kxc6 52. Kd4 Rf1 53. Re5 Kd6 54. Rd5+ Ke6 55. Rb5 Kf6 56. Rxb4 Rd1+ 57. Ke3 Rd3+ 58. Ke2 Rh3 59. Rb8 Ke5 60. b4 Rh2+ 61. Ke1 Rxb2 62. b5 Kd4 63. b6 Ke3 64. Kd1 f4 65. b7 f3 66. Kc1 Rb6 67. Kc2 f2 68. Rf8 Rxb7 0-1


[Site "https://www.chess.com"]

[Event "Titled Tuesday Blitz June 8 2021"]
[White "Indjic, Aleksandar"]
[Black "Rosen, Eric"]
[WhiteFideId "911925"]
[BlackFideId "2032562"]
[WhiteElo "2643"]
[BlackElo "2362"]
[Result "1-0"]
[Round "10"]
[TimeControl "180+1"]
[Date "2021.06.08"]
[WhiteClock "0:01:09"]
[BlackClock "0:00:06"]

1. d4 d6 2. e4 Nf6 3. Nc3 g6 4. Be2 Bg7 5. g4 c6 6. Be3 b5 7. g5 Nfd7 8. Bf3 Bb7 9. h4 Qc7 10. h5 a5 11. Nce2 Nb6 12. b3 N8d7 13. Rc1 e5 14. Qd2 O-O 15. Bg2 a4 16. Nf3 axb3 17. cxb3 Rae8 18. Ng3 Qb8 19. O-O f5 20. gxf6 Bxf6 21. Rfd1 Re7 22. dxe5 Bxe5 23. Nxe5 dxe5 24. Qa5 c5 25. Qxb5 Nc8 26. Rxd7 Na7 27. Qxb7 Qxb7 28. Rxb7 Rxb7 29. Rxc5 Nb5 30. Rxe5 Nc3 31. Ra5 Re7 32. h6 Rfe8 33. a4 Rb8 34. Bf1 Rbb7 35. Bc4+ Kf8 36. Bc5 Ke8 37. Bxe7 Kxe7 38. e5 Na2 39. Ne4 Nb4 40. Rb5 Rxb5 41. axb5 g5 42. Nxg5 Kd7 43. Nxh7 Kc7 44. Nf6 Kb6 45. h7 Kc5 46. h8=Q Nc2 47. Qf8+ Kd4 48. Qd6+ Kc3 49. Qd3+ Kb2 50. Qd2 Kb1 51. Bd3 Ka1 52. Qc3+ Ka2 53. Qxc2+ Ka3 54. Qc5+ 1-0


[Site "https://www.chess.com"]

[Event "Titled Tuesday Blitz June 8 2021"]
[White "Ivic, Velimir"]
[Black "Yanchenko, Roman"]
[WhiteFideId "950122"]
[BlackFideId "4137329"]
[WhiteElo "2509"]
[BlackElo "2514"]
[Result "0-1"]
[Round "10"]
[TimeControl "180+1"]
[Date "2021.06.08"]
[WhiteClock "0:00:02"]
[BlackClock "0:00:34"]

1. e4 e6 2. d4 d5 3. Nc3 Bb4 4. e5 Ne7 5. a3 Bxc3+ 6. bxc3 b6 7. h4 Ba6 8. Bxa6 Nxa6 9. Qd3 Nb8 10. h5 h6 11. a4 c5 12. a5 Nbc6 13. axb6 axb6 14. Rb1 O-O 15. Nf3 Ra4 16. O-O Qc7 17. Re1 Rfa8 18. g4 cxd4 19. cxd4 Nb4 20. Qb5 Nxc2 21. Re2 Nxd4 22. Nxd4 Rxd4 23. Be3 Rxg4+ 24. Kf1 d4 25. f3 Rh4 26. Bg1 Nd5 27. Rd2 Rxh5 28. Bxd4 Rh1+ 29. Kf2 Rxb1 30. Qxb1 Qc4 31. Qb2 b5 32. Rc2 Qd3 33. Rd2 Qc4 34. Rc2 Qb4 35. Qxb4 Nxb4 36. Rc7 Rd8 37. Bb6 Nd5 38. Rb7 Nxb6 39. Rxb6 Rd5 40. f4 g5 41. Ke3 gxf4+ 42. Kxf4 Kg7 43. Ke4 Kg6 44. Rb8 Kg7 45. Rb6 h5 46. Rb7 h4 47. Ra7 Rd1 48. Ra3 Rh1 49. Rb3 h3 50. Kf3 Rg1 51. Rb2 b4 0-1


[Site "https://www.chess.com"]

[Event "Titled Tuesday Blitz June 8 2021"]
[White "Khusnutdinov, Rustam"]
[Black "Terry, Renato"]
[WhiteFideId "13701703"]
[BlackFideId "3803457"]
[WhiteElo "2571"]
[BlackElo "2581"]
[Result "0-1"]
[Round "10"]
[TimeControl "180+1"]
[Date "2021.06.08"]
[WhiteClock "0:00:04"]
[BlackClock "0:00:01"]

1. d4 e6 2. c4 Bb4+ 3. Nc3 c5 4. Nf3 Bxc3+ 5. bxc3 Qa5 6. Bd2 Nf6 7. Qc2 d6 8. g4 Qc7 9. g5 Nfd7 10. h4 Nc6 11. Bh3 Nb6 12. Qd3 Na5 13. dxc5 dxc5 14. Qe4 Nbxc4 15. Bf4 Qc6 16. Qxc6+ Nxc6 17. O-O-O e5 18. Bg3 Bxh3 19. Rxh3 Ke7 20. Nxe5 N6xe5 21. Bxe5 f6 22. Bf4 Rhe8 23. Rd5 b6 24. Rhd3 Ke6 25. Kc2 Rac8 26. Kb3 b5 27. gxf6 gxf6 28. Rh5 Re7 29. Rdd5 Na5+ 30. Kc2 Nb7 31. e4 Rg8 32. Kd3 Rg1 33. Ke3 Rc1 34. Rh6 Rf7 35. Kd2 Ra1 36. Rf5 Rxa2+ 37. Ke3 Ra3 38. Bg5 Rxc3+ 39. Kf4 b4 40. Rfxf6+ Rxf6+ 41. Bxf6 Rc2 42. Bd4+ Kd7 43. Rxh7+ Kc6 44. Bf6 Rxf2+ 45. Kg5 Nd6 46. Be5 Nxe4+ 47. Kg6 a5 48. h5 b3 49. Rc7+ Kb6 50. Rc8 a4 51. h6 Rg2+ 52. Kf5 Ng5 53. Rg8 a3 54. h7 b2 55. h8=Q b1=Q+ 56. Kf6 Rf2+ 57. Ke7 Rf7+ 58. Kd8 Qf5 59. Qh6+ Kb5 60. Qd6 Ne6+ 61. Kc8 Rd7 62. Qxd7+ Kc4 63. Re8 Nd4 64. Re6 Qxe6 0-1


[Site "https://www.chess.com"]

[Event "Titled Tuesday Blitz June 8 2021"]
[White "Kollars, Dmitrij"]
[Black "Nesterov, Arseniy"]
[WhiteFideId "12909572"]
[BlackFideId "24198455"]
[WhiteElo "2576"]
[BlackElo "2441"]
[Result "0-1"]
[Round "10"]
[TimeControl "180+1"]
[Date "2021.06.08"]
[WhiteClock "0:00:26"]
[BlackClock "0:00:12"]

1. e4 e5 2. Nf3 Nc6 3. d4 exd4 4. Nxd4 Bc5 5. Be3 Qf6 6. c3 Nge7 7. Bb5 Bb6 8. O-O O-O 9. Re1 d5 10. Bxc6 bxc6 11. e5 Qg6 12. Nd2 c5 13. N4b3 c4 14. Nd4 c5 15. Ne2 Nf5 16. Nf4 Qc6 17. Qf3 Bb7 18. Nf1 d4 19. Qxc6 Bxc6 20. Bd2 Rfe8 21. Rac1 Bb5 22. Nd5 Rad8 23. Nxb6 axb6 24. Bf4 h6 25. h3 Ne7 26. Bg3 Ba6 27. e6 Nd5 28. exf7+ Kxf7 29. Red1 dxc3 30. bxc3 Nxc3 31. Rxd8 Ne2+ 32. Kh2 Rxd8 33. Rc2 c3 34. Bc7 Rd7 35. Bxb6 Bd3 36. Ne3 Bxc2 37. Nxc2 Rd2 38. Ne3 c2 0-1


[Site "https://www.chess.com"]

[Event "Titled Tuesday Blitz June 8 2021"]
[White "Kukhmazov, Arsen"]
[Black "Grieve, Harry"]
[WhiteFideId "24108260"]
[BlackFideId "426520"]
[WhiteElo "2453"]
[BlackElo "2191"]
[Result "0-1"]
[Round "10"]
[TimeControl "180+1"]
[Date "2021.06.08"]
[WhiteClock "0:00:03"]
[BlackClock "0:00:12"]

1. d4 d5 2. c4 e6 3. Nf3 c6 4. g3 dxc4 5. Bg2 b5 6. a4 Bb7 7. O-O Nf6 8. Ne5 Qc8 9. b3 cxb3 10. Qxb3 b4 11. Nd2 Nbd7 12. Ndc4 c5 13. Nxd7 Nxd7 14. d5 Bxd5 15. Bxd5 exd5 16. Qe3+ Kd8 17. Qg5+ Nf6 18. Bb2 Qe6 19. Rad1 Kc7 20. Bxf6 gxf6 21. Qxd5 Qxd5 22. Rxd5 Be7 23. e4 Rhd8 24. Rfd1 Rab8 25. Na5 b3 26. Rb1 Rxd5 27. exd5 b2 28. Nc6 c4 29. Nxe7 c3 30. d6+ Kd7 0-1


[Site "https://www.chess.com"]

[Event "Titled Tuesday Blitz June 8 2021"]
[White "Nakamura, Hikaru"]
[Black "Andreikin, Dmitry"]
[WhiteFideId "2016192"]
[BlackFideId "4158814"]
[WhiteElo "2900"]
[BlackElo "2782"]
[Result "1-0"]
[Round "10"]
[TimeControl "180+1"]
[Date "2021.06.08"]
[WhiteClock "0:00:10"]
[BlackClock "0:00:01"]

1. e4 c5 2. Nf3 e6 3. d4 cxd4 4. Nxd4 Nc6 5. Nc3 a6 6. Be2 Qc7 7. Nxc6 dxc6 8. Qd3 Nf6 9. Qg3 Qxg3 10. hxg3 e5 11. Be3 Be6 12. f3 Nd7 13. Rd1 b5 14. a3 a5 15. Kf2 b4 16. Nb1 Bc5 17. axb4 axb4 18. Nd2 Ke7 19. Ra1 h6 20. b3 Bxe3+ 21. Kxe3 Nb6 22. f4 f6 23. Nf3 Nd7 24. Nh4 Rhb8 25. Rhd1 Ra3 26. Rac1 Nf8 27. Rd3 Rd8 28. Nf3 Rxd3+ 29. Bxd3 Nd7 30. Rf1 c5 31. Rb1 Ra2 32. Rd1 Bg4 33. Rh1 Be6 34. Rc1 Bg4 35. Bb5 Bxf3 36. gxf3 Nb6 37. fxe5 fxe5 38. f4 Ra5 39. Be2 c4 40. fxe5 Rxe5 41. Ra1 cxb3 42. cxb3 Rg5 43. g4 Nd7 44. Ra7 Kd6 45. Ra6+ Ke7 46. Ra4 Ne5 47. Kf4 Ng6+ 48. Kg3 h5 49. Rxb4 hxg4 50. Rb7+ Kf6 51. Rb6+ Ke7 52. b4 Ne5 53. b5 Rg6 54. Rxg6 Nxg6 55. Kxg4 Kd6 56. Kf5 Ne7+ 57. Kf4 Ng6+ 58. Kg5 Ne7 59. Kg4 Ke5 60. b6 Nc6 61. Bb5 Nb8 62. Kf3 1-0


[Site "https://www.chess.com"]

[Event "Titled Tuesday Blitz June 8 2021"]
[White "Narayanan.S.L"]
[Black "Gavrilescu, David"]
[WhiteFideId "5058422"]
[BlackFideId "1227190"]
[WhiteElo "2617"]
[BlackElo "2370"]
[Result "1/2-1/2"]
[Round "10"]
[TimeControl "180+1"]
[Date "2021.06.08"]
[WhiteClock "0:00:09"]
[BlackClock "0:00:18"]

1. c4 e6 2. g3 d5 3. Bg2 d4 4. b4 a5 5. bxa5 Nc6 6. Nf3 Nf6 7. O-O Bc5 8. d3 O-O 9. Nbd2 Nxa5 10. Bb2 Re8 11. Ne5 Qd6 12. f4 Ba3 13. Bxa3 Qxa3 14. Nb3 c5 15. Qc1 Nxb3 16. axb3 Qxc1 17. Rfxc1 Rb8 18. Ra7 Kf8 19. Rb1 Nd7 20. b4 Nxe5 21. fxe5 cxb4 22. Rxb4 Re7 23. c5 b5 24. cxb6 Rxb6 25. Raa4 Rxb4 26. Rxb4 Rd7 27. Bc6 Rc7 28. Ba4 Ke7 29. Rxd4 Rc5 30. Rc4 Rxc4 31. dxc4 Ba6 32. c5 Bxe2 33. Kf2 Bc4 34. Ke3 f6 35. Kd4 Bd5 36. exf6+ gxf6 37. g4 h6 38. Bd1 Kd8 39. Be2 Kc7 40. Bc4 Bxc4 41. Kxc4 Kc6 42. Kd4 Kb5 43. h3 Kc6 44. Kc4 e5 45. h4 Kc7 46. Kd5 Kd7 47. c6+ Kc7 48. Kc5 Kc8 49. Kc4 Kc7 50. Kd5 Kc8 51. h5 Kc7 52. Kc5 Kc8 53. Kc4 Kc7 54. Kd5 Kc8 55. Ke4 Kc7 56. Kd5 Kc8 57. Kc4 Kc7 58. Kc5 Kc8 59. Kd5 Kc7 60. Kc5 1/2-1/2


[Site "https://www.chess.com"]

[Event "Titled Tuesday Blitz June 8 2021"]
[White "Popilski, Gil"]
[Black "Priasmoro, Novendra"]
[WhiteFideId "2809060"]
[BlackFideId "7105029"]
[WhiteElo "2537"]
[BlackElo "2309"]
[Result "0-1"]
[Round "10"]
[TimeControl "180+1"]
[Date "2021.06.08"]
[WhiteClock "0:00:02"]
[BlackClock "0:00:28"]

1. e4 c5 2. Nf3 Nc6 3. Bb5 g6 4. Bxc6 bxc6 5. O-O Bg7 6. Re1 Nh6 7. c3 O-O 8. d4 cxd4 9. cxd4 f5 10. e5 d6 11. Nc3 Rb8 12. exd6 exd6 13. Bg5 Qc7 14. d5 c5 15. Re7 Bd7 16. Rxg7+ Kxg7 17. Nd2 Nf7 18. Be3 Rxb2 19. Nc4 Rb4 20. Qf1 Qd8 21. a3 Rb3 22. Qc1 Qf6 23. Ne2 Rfb8 24. Nd2 Rb2 25. h3 g5 26. f4 Qe7 27. Qc3+ Kg8 28. fxg5 Nxg5 29. Ng3 Rc2 30. Bxg5 Qxg5 31. Qxc2 Qxg3 32. Nf3 Re8 33. Rf1 Bb5 34. Rf2 Qf4 35. Kh1 Qe4 36. Qd2 Qe3 37. Qb2 Bd3 38. Ng1 Be4 39. Re2 Qg3 40. Qf6 Qg6 41. Qh4 Kh8 42. Kh2 Rg8 43. Nf3 Bxf3 0-1


[Site "https://www.chess.com"]

[Event "Titled Tuesday Blitz June 8 2021"]
[White "Quparadze, Giga"]
[Black "Jobava, Baadur"]
[WhiteFideId "13602250"]
[BlackFideId "13601520"]
[WhiteElo "2658"]
[BlackElo "2748"]
[Result "0-1"]
[Round "10"]
[TimeControl "180+1"]
[Date "2021.06.08"]
[WhiteClock "0:00:47"]
[BlackClock "0:01:00"]

1. e4 c6 2. d4 d5 3. Nc3 dxe4 4. Nxe4 Bf5 5. Ng3 Bg6 6. h4 h6 7. Nf3 Nd7 8. h5 Bh7 9. Bd3 Bxd3 10. Qxd3 e6 11. Bf4 Ngf6 12. O-O-O Qb6 13. Ne4 Nxe4 14. Qxe4 Nf6 15. Qe2 Rd8 16. c4 Be7 17. Be3 O-O 18. Ne5 c5 19. Rh4 Nd5 20. Rg4 Nxe3 21. Qxe3 Bg5 22. Rxg5 hxg5 23. h6 gxh6 24. Ng4 e5 25. d5 e4 26. Rh1 Rd6 27. Nxh6+ Rxh6 28. Qxg5+ Kh7 0-1


[Site "https://www.chess.com"]

[Event "Titled Tuesday Blitz June 8 2021"]
[White "Rustemov, Alexander"]
[Black "Jones, Gawain C B"]
[WhiteFideId "4119002"]
[BlackFideId "409561"]
[WhiteElo "2714"]
[BlackElo "2657"]
[Result "1/2-1/2"]
[Round "10"]
[TimeControl "180+1"]
[Date "2021.06.08"]
[WhiteClock "0:00:07"]
[BlackClock "0:00:04"]

1. d4 Nf6 2. c4 c5 3. d5 b6 4. Nc3 e5 5. e4 d6 6. Bd3 g6 7. Nge2 Nh5 8. f3 Qh4+ 9. g3 Qf6 10. O-O Bh3 11. Rf2 a6 12. Be3 Bg7 13. Qd2 Qe7 14. g4 Nf6 15. Bh6 Qf8 16. Bxg7 Qxg7 17. b4 h5 18. g5 Nfd7 19. Rb1 cxb4 20. Rxb4 f6 21. Kh1 fxg5 22. Qxg5 Nc5 23. Bc2 b5 24. cxb5 O-O 25. b6 a5 26. Rb1 Nba6 27. a3 Rf7 28. Ng1 Bc8 29. Rg2 Kh7 30. Nb5 Rf6 31. f4 Rxf4 32. Nxd6 Rg4 33. Rxg4 Bxg4 34. h3 Bd7 35. Nf3 Qf8 36. Nxe5 Qxd6 37. Rg1 Rg8 38. Nf7 Qf8 39. e5 Qxf7 40. Qxh5+ Kg7 41. e6 Bxe6 42. dxe6 Qb7+ 43. Kh2 Qb8+ 44. Kh1 Qb7+ 45. Kh2 Kf6 46. Rxg6+ Rxg6 47. Qxg6+ Ke5 48. Qf5+ Kd6 49. h4 Qxb6 50. h5 Nxe6 51. h6 Qd4 52. h7 Nac5 53. Qg6 Qf2+ 54. Kh1 Qf3+ 55. Kh2 Qf2+ 56. Kh1 Qh4+ 57. Kg1 Ke5 58. Bf5 Qd4+ 59. Kh2 Qh4+ 60. Kg1 Qe1+ 61. Kh2 Qh4+ 62. Kg1 1/2-1/2


[Site "https://www.chess.com"]

[Event "Titled Tuesday Blitz June 8 2021"]
[White "Sanal, Vahap"]
[Black "Goltsev, Dmitry"]
[WhiteFideId "6300545"]
[BlackFideId "24176710"]
[WhiteElo "2507"]
[BlackElo "2366"]
[Result "0-1"]
[Round "10"]
[TimeControl "180+1"]
[Date "2021.06.08"]
[WhiteClock "0:00:05"]
[BlackClock "0:00:09"]

1. e4 Nf6 2. e5 Nd5 3. d4 d6 4. c4 Nb6 5. f4 dxe5 6. fxe5 Nc6 7. Be3 Bf5 8. Nc3 e6 9. Be2 Bb4 10. Nf3 h6 11. O-O Bxc3 12. bxc3 Ne7 13. a4 a5 14. Qd2 Qd7 15. c5 Nbd5 16. Bf2 O-O 17. Bb5 c6 18. Be2 Ng6 19. Bg3 Rab8 20. Nh4 Nxh4 21. Bxh4 b6 22. cxb6 Rxb6 23. Ra3 Rfb8 24. Ra2 Rb3 25. Rc1 Qb7 26. h3 Rb2 27. Rxb2 Qxb2 28. Qxb2 Rxb2 29. Bf1 Bc2 30. Bd8 Nxc3 31. Bxa5 Nxa4 32. Kh2 Be4 33. Ra1 Nb6 34. Bxb6 Rxb6 35. Ra8+ Kh7 36. Ra7 Kg6 37. Kg3 Rb4 38. Rd7 Bd5 39. Bd3+ f5 40. exf6+ Kxf6 41. Be2 Rxd4 42. Bh5 g6 43. Be2 c5 44. Rh7 h5 45. Kf2 c4 46. Rc7 Rd2 47. Ke3 Rc2 48. g4 h4 49. Bf1 Rc1 50. Be2 Rh1 51. Bxc4 Rc1 0-1


[Site "https://www.chess.com"]

[Event "Titled Tuesday Blitz June 8 2021"]
[White "Sawlin, Leonid"]
[Black "Samadov, Read"]
[WhiteFideId "4689542"]
[BlackFideId "13417444"]
[WhiteElo "2412"]
[BlackElo "2084"]
[Result "0-1"]
[Round "10"]
[TimeControl "180+1"]
[Date "2021.06.08"]
[WhiteClock "0:01:44"]
[BlackClock "0:01:46"]

1. e4 c5 2. Nf3 d6 3. d4 cxd4 4. Nxd4 Nf6 5. Nc3 a6 6. Bg5 Nbd7 7. f4 g6 8. Qe2 e5 9. Nf3 Bg7 10. O-O-O Qb6 11. Bxf6 Nxf6 12. f5 gxf5 13. exf5 Bxf5 14. Nxe5 dxe5 15. Qxe5+ Be6 16. Bc4 O-O 17. Bd3 Rfd8 18. Rhf1 Nd5 19. Nxd5 Rxd5 20. Qe4 Qxb2+ 21. Kd2 Bc3+ 22. Ke2 Re5 23. Rf3 Rxe4+ 24. Bxe4 Bc4+ 25. Kf2 Qb6+ 26. Kg3 Be5+ 27. Kh3 Qh6+ 28. Kg4 Be6+ 29. Bf5 Qg6+ 30. Kh4 Bxf5 31. Rd5 Qg4# 0-1


[Site "https://www.chess.com"]

[Event "Titled Tuesday Blitz June 8 2021"]
[White "Svidler, Peter"]
[Black "Tabatabaei, M. Amin"]
[WhiteFideId "4102142"]
[BlackFideId "12521213"]
[WhiteElo "2754"]
[BlackElo "2555"]
[Result "0-1"]
[Round "10"]
[TimeControl "180+1"]
[Date "2021.06.08"]
[WhiteClock "0:00:15"]
[BlackClock "0:00:47"]

1. e4 c5 2. Nf3 e6 3. d4 cxd4 4. Nxd4 Nc6 5. Nc3 Qc7 6. Be2 Nf6 7. O-O Be7 8. Be3 O-O 9. f4 d6 10. Kh1 a6 11. a4 Bd7 12. Nb3 b6 13. g4 Bc8 14. g5 Nd7 15. Bf3 Bb7 16. Qd2 Nb4 17. Rad1 Rac8 18. Bg2 Rfe8 19. f5 Ne5 20. Qe2 Qc4 21. Nd4 Qxe2 22. Ndxe2 Nc4 23. fxe6 fxe6 24. Bc1 Nxc2 25. Bh3 Bf8 26. Nf4 N2e3 27. Bxe3 Nxe3 28. Bxe6+ Rxe6 29. Nxe6 Be7 30. Nd5 Bxd5 31. exd5 Nxf1 32. Rxf1 Rc2 33. b3 Rd2 34. Rc1 Rxd5 35. Rc7 Kf7 36. Nd8+ Ke8 37. Nc6 Bxg5 38. Rxg7 h6 39. Nb4 Rd1+ 40. Kg2 a5 41. Nc6 d5 42. Kf3 d4 43. Ke4 d3 44. h4 d2 45. Kd3 Re1 0-1


[Site "https://www.chess.com"]